 Dungeon Crawl Stone Soup version 0.26.1-11-gd32895ea62 (webtiles) character file.

Game seed: 11524118350004059528

2022 0gre the Chiller (level 9, -3/65 HPs)
             Began as a Gnoll Ice Elementalist on June 27, 2021.
             Was a Believer of Vehumet.
             Slain by an eight-headed hydra (11 damage)
             ... on level 6 of the Dungeon on June 28, 2021.
             The game lasted 00:41:39 (6505 turns).

0gre the Chiller (Gnoll Ice Elementalist)           Turns: 6505, Time: 00:41:41

Health: -3/65      AC:  7    Str: 17    XL:     9   Next: 23%
Magic:  16/18      EV: 16    Int: 20    God:    Vehumet [**....]
Gold:   338        SH:  0    Dex: 16    Spells: 9/21 levels left

rFire    . . .     SeeInvis +   d - +2 flail (holy)
rCold    . . .     Faith    .   (no shield)
rNeg     . . .     Spirit   .   o - +0 robe
rPois    .         Reflect  .   q - +2 helmet {SInv}
rElec    .         Harm     .   L - +0 cloak
rCorr    .         Rampage  .   w - +0 pair of gloves
Will     .....                  (no boots)
Stlth    +++.......             (no amulet)
HPRegen  0.20/turn              r - +6 ring of strength
MPRegen  0.16/turn              (no ring)

@: frozen ramparts, flying
A: distributed training, fangs 1, strong nose
a: Renounce Religion


You were on level 6 of the Dungeon.
You worshipped Vehumet.
Vehumet was pleased with you.
You visited 1 branch of the dungeon, and saw 6 of its levels.

You collected 338 gold pieces.

Inventory:

Hand Weapons
 a - a +0 lajatang
 b - a +0 shortbow
 c - a +1 halberd of freezing
 d - a +2 flail of holy wrath (weapon)
Missiles
 m - 6 curare-tipped darts (quivered)
 B - 275 stones
 C - 50 arrows
 E - 8 boomerangs
Armour
 o - a +0 robe (worn)
 q - a +2 helmet of see invisible (worn)
 w - a +0 pair of gloves (worn)
 L - a +0 cloak (worn)
Jewellery
 i - an uncursed ring of poison resistance {unknown}
 r - a +6 ring of strength (left hand)
Wands
 x - a wand of digging (6)
 z - a wand of flame (31)
 J - a wand of polymorph (10)
 K - a wand of random effects (15)
Scrolls
 f - 5 scrolls of teleportation
 g - 4 scrolls of remove curse
 k - 4 scrolls of immolation
 u - a scroll of magic mapping {unknown}
 v - 4 scrolls of amnesia
 y - 2 scrolls of random uselessness {unknown}
 D - a scroll of enchant weapon {unknown}
 H - a scroll of acquirement {unknown}
 M - a scroll of noise {unknown}
 N - a scroll of fog {unknown}
Potions
 e - a potion of curing
 h - a potion of mutation {unknown}
 j - 3 potions of attraction
 l - a potion of cancellation
 n - 2 potions of ambrosia {unknown}
 p - a potion of degeneration {unknown}
 s - a potion of invisibility {unknown}
 t - a potion of heal wounds {unknown}
 A - a potion of brilliance {unknown}
 F - 2 potions of resistance {unknown}
 G - a potion of magic {unknown}
 I - 2 potions of flight


   Skills:
 + Level 4.0 Fighting
 + Level 4.0 Short Blades
 + Level 4.0 Long Blades
 + Level 4.0 Axes
 + Level 4.0 Maces & Flails
 + Level 4.0 Polearms
 + Level 4.0 Staves
 + Level 4.0 Slings
 + Level 4.0 Bows
 + Level 4.0 Crossbows
 + Level 4.0 Throwing
 + Level 4.0 Armour
 + Level 6.2 Dodging
 + Level 5.9 Stealth
 + Level 4.0 Shields
 + Level 4.0 Unarmed Combat
 + Level 6.5 Spellcasting
 + Level 3.3 Conjurations
 + Level 3.3 Hexes
 + Level 3.3 Summonings
 + Level 3.3 Necromancy
 + Level 3.3 Translocations
 + Level 3.3 Transmutations
 + Level 3.3 Fire Magic
 + Level 7.9 Ice Magic
 + Level 3.3 Air Magic
 + Level 3.3 Earth Magic
 + Level 3.3 Poison Magic
 + Level 4.4 Invocations
 + Level 4.0 Evocations


You had 9 spell levels left.
You knew the following spells:

 Your Spells              Type           Power        Failure   Level
a - Freeze                Ice            100%         1%          1
b - Frozen Ramparts       Ice            76%          1%          3
c - Summon Ice Beast      Ice/Summ       29%          10%         4
d - Mephitic Cloud        Conj/Pois/Air  19%          8%          3
q - Magic Dart            Conj           76%          2%          1

Your spell library contained the following spells:

 Spells                   Type           Power        Failure   Level
 Ozocubu's Armour         Ice            38%          1%          3
 Hailstorm                Conj/Ice       29%          10%         4


Dungeon Overview and Level Annotations

Branches:
Dungeon (6/15)             Temple (0/1) D:4

Altars:
Ashenzari
Cheibriados
Elyvilon
Gozag
Hepliaklqana
Kikubaaqudgha
Qazlal
Trog
Vehumet


Innate Abilities, Weirdness & Mutations

Your experience applies equally to all skills.
You have very sharp teeth.
Your uncanny sense of smell can sniff out nearby items.


Message History

The wall freezes the eight-headed hydra.
The eight-headed hydra barely misses you.
The eight-headed hydra misses you.
The eight-headed hydra barely misses you.
The eight-headed hydra bites you! The eight-headed hydra bites you. x2
The eight-headed hydra bites you! The eight-headed hydra bites you!!
* * * LOW HITPOINT WARNING * * *
It was a potion of flight.
You feel very buoyant.
You fly up into the air.
The wall freezes the eight-headed hydra!
The eight-headed hydra seems to slow down.
The eight-headed hydra misses you.
The eight-headed hydra closely misses you.
The eight-headed hydra barely misses you.
The eight-headed hydra bites you!
* * * LOW HITPOINT WARNING * * *
The eight-headed hydra barely misses you.
The eight-headed hydra bites you!
You die...

# #. #### ##..
#####...##
.....####.##.....#
......D#..##.....##
(..(...@..........#
.##.##...#......##
#.....#.......## #
##.............# ...
##...#........#.... ∆
#..................
#...........#...... ∆
#............#......
#........#...........


You could see an eight-headed hydra (slow).

Vanquished Creatures
  A centaur (D:6)
  The ghost of oc3rt the Bolt Thrower, an amateur KoHu (D:3)
  A bullfrog (D:6)
  A gnoll sergeant (D:4)
  6 scorpions
  2 howler monkeys
  3 vampire bats (D:2)
  A bullfrog zombie (D:6)
  A centaur skeleton (D:6)
  3 hounds (D:5)
  2 gnoll shamans
  A jelly (D:6)
  Crazy Yiuf (D:5)
  3 orc wizards (D:5)
  2 bullfrog skeletons
  2 iguanas
  A worker ant (D:4)
  A hound zombie (D:6)
  A hound skeleton (D:6)
  A worker ant zombie (D:6)
  Robin (D:2)
  12 adders
  43 gnolls
  A shadow imp (D:6)
  2 ufetubi
  2 oozes
  An adder zombie (D:3)
  An adder skeleton (D:6)
  4 worms
  A dart slug (D:2)
  3 leopard geckos
  7 orcs
  2 bat skeletons (D:2)
  3 bat zombies (D:2)
  5 giant cockroaches
  15 goblins
  12 hobgoblins
  22 jackals
  6 kobolds
  4 quokkas
  8 bats
  4 frilled lizards
  A leopard gecko skeleton (D:5)
  A quokka skeleton (D:5)
  5 rats
201 creatures vanquished.

Vanquished Creatures (others)
  A gnoll (D:4)
  A plant (D:4)
2 creatures vanquished.

Grand Total: 203 creatures vanquished

Notes
Turn   | Place    | Note
-------+----------+-------------------------------------------
     0 | D:1      | 0gre the Gnoll Ice Elementalist began the quest for the
                  | Orb.
     0 | D:1      | Reached XP level 1. HP: 13/13 MP: 6/6
   181 | D:1      | Reached XP level 2. HP: 20/20 MP: 7/7
   523 | D:1      | Reached XP level 3. HP: 23/25 MP: 3/9
   671 | D:1      | Reached skill level 5 in Spellcasting
   766 | D:2      | Found a bloodstained altar of Trog.
   855 | D:2      | Reached skill level 1 in Invocations
   859 | D:2      | Learned a level 3 spell: Frozen Ramparts
   878 | D:2      | Reached skill level 1 in Fighting
   878 | D:2      | Reached skill level 1 in Short Blades
   878 | D:2      | Reached skill level 1 in Long Blades
   878 | D:2      | Reached skill level 1 in Axes
   878 | D:2      | Reached skill level 1 in Maces & Flails
   878 | D:2      | Reached skill level 1 in Polearms
   878 | D:2      | Reached skill level 1 in Staves
   878 | D:2      | Reached skill level 1 in Slings
   878 | D:2      | Reached skill level 1 in Bows
   878 | D:2      | Reached skill level 1 in Crossbows
   878 | D:2      | Reached skill level 1 in Throwing
   878 | D:2      | Reached skill level 1 in Armour
   878 | D:2      | Reached skill level 1 in Shields
   878 | D:2      | Reached skill level 1 in Unarmed Combat
   878 | D:2      | Reached skill level 1 in Evocations
   890 | D:2      | Reached XP level 4. HP: 11/32 MP: 4/11
  1107 | D:2      | Noticed Robin
  1136 | D:2      | Reached skill level 1 in Conjurations
  1136 | D:2      | Reached skill level 1 in Hexes
  1136 | D:2      | Reached skill level 1 in Summonings
  1136 | D:2      | Reached skill level 1 in Necromancy
  1136 | D:2      | Reached skill level 1 in Translocations
  1136 | D:2      | Reached skill level 1 in Transmutations
  1136 | D:2      | Reached skill level 1 in Fire Magic
  1136 | D:2      | Reached skill level 1 in Air Magic
  1136 | D:2      | Reached skill level 1 in Earth Magic
  1136 | D:2      | Reached skill level 1 in Poison Magic
  1136 | D:2      | Killed Robin
  1367 | D:2      | Found a faded altar of an unknown god.
  1518 | D:2      | Reached XP level 5. HP: 37/37 MP: 12/12
  1574 | D:2      | Found an ancient bone altar of Kikubaaqudgha.
  1583 | D:2      | Reached XP level 6. HP: 39/44 MP: 9/13
  1722 | D:2      | Found a hazy altar of Hepliaklqana.
  1722 | D:2      | Found a stormy altar of Qazlal.
  2203 | D:3      | Found a runed translucent gate.
  2204 | D:3      | Found a runed translucent gate.
  2204 | D:3      | Found a runed translucent gate.
  2205 | D:3      | Noticed oc3rt's ghost (amateur KoHu)
  2238 | D:3      | Found a broken altar of Ashenzari.
  2489 | D:3      | Found a white marble altar of Elyvilon.
  2612 | D:3      | Found a snail-covered altar of Cheibriados.
  2641 | D:3      | Reached skill level 5 in Dodging
  3013 | D:3      | Killed oc3rt's ghost
  3368 | D:4      | Reached XP level 7. HP: 50/50 MP: 12/15
  3391 | D:4      | Found an opulent altar of Gozag.
  3445 | D:4      | Found a radiant altar of Vehumet.
  3452 | D:4      | Became a worshipper of Vehumet
  3506 | D:4      | Found a staircase to the Ecumenical Temple.
  3711 | D:4      | Reached skill level 5 in Stealth
  4111 | D:4      | Reached * piety under Vehumet
  4111 | D:4      | Offered knowledge of Magic Dart by Vehumet.
  4115 | D:4      | Learned a level 1 spell: Magic Dart
  4230 | D:4      | Reached XP level 8. HP: 26/57 MP: 1/16
  4850 | D:5      | Entered Level 5 of the Dungeon
  4866 | D:5      | Reached ** piety under Vehumet
  4866 | D:5      | Offered knowledge of Foxfire by Vehumet.
  5743 | D:5      | Found a runed translucent door.
  5744 | D:5      | Noticed Crazy Yiuf
  5750 | D:5      | Killed Crazy Yiuf
  6022 | D:6      | Reached XP level 9. HP: 59/65 MP: 18/18
  6132 | D:6      | Offered knowledge of Mephitic Cloud by Vehumet.
  6181 | D:6      | Learned a level 4 spell: Summon Ice Beast
  6209 | D:6      | Learned a level 3 spell: Mephitic Cloud
  6497 | D:6      | Noticed an eight-headed hydra
  6505 | D:6      | Slain by an eight-headed hydra

Illustrated notes

Levels and vault maps discovered:
D:1:      heliophobic_arrival_battle_scene, layout_loops_ring,
          due_unseen_surprise
D:2:      layout_loops_ring, bloody_trog, gammafunk_temple_overflow_pools,
          kennysheep_vampire_church, chequers_ecumenical_altar_simple_redux,
          uniq_robin
D:3:      layout_basic, lemuel_round_altar, lemuel_doored_altar,
          gammafunk_ghost_necromancy, elyvilon_altar_4
D:4:      lemuel_castle_with_subvaults [lemuel_castle_interior_carwin_3],
          layout_cave_pools, grunt_gozag_statues, lemuel_round_altar,
          minmay_temple_entry_antechambers
D:5:      layout_gridville, uniq_crazy_yiuf_cottage
D:6:      layout_cave_pools, marbit_many_paths

Skill      XL: |  1  2  3  4  5  6  7  8  9 |
---------------+----------------------------+-----
Spellcasting   | 5 6 |  6.5
Invocations    | 1 2 3 4 |  4.4
Fighting       | 1 2 3 4 |  4.0
Short Blades   | 1 2 3 4 |  4.0
Long Blades    | 1 2 3 4 |  4.0
Axes           | 1 2 3 4 |  4.0
Maces & Flails | 1 2 3 4 |  4.0
Polearms       | 1 2 3 4 |  4.0
Staves         | 1 2 3 4 |  4.0
Slings         | 1 2 3 4 |  4.0
Bows           | 1 2 3 4 |  4.0
Crossbows      | 1 2 3 4 |  4.0
Throwing       | 1 2 3 4 |  4.0
Armour         | 1 2 3 4 |  4.0
Shields        | 1 2 3 4 |  4.0
Unarmed Combat | 1 2 3 4 |  4.0
Evocations     | 1 2 3 4 |  4.0
Conjurations   | 1 2 3 |  3.3
Hexes          | 1 2 3 |  3.3
Summonings     | 1 2 3 |  3.3
Necromancy     | 1 2 3 |  3.3
Translocations | 1 2 3 |  3.3
Transmutations | 1 2 3 |  3.3
Fire Magic     | 1 2 3 |  3.3
Air Magic      | 1 2 3 |  3.3
Earth Magic    | 1 2 3 |  3.3
Poison Magic   | 1 2 3 |  3.3
Dodging        | 5 6 |  6.2
Stealth        | 5 |  5.9
Ice Magic      | |  7.9

Action                   |  1- 3 |  4- 6 |  7- 9 || total
-------------------------+-------+-------+-------++-------
Melee: Dagger            |    13 |       |       ||    13
       Spear             |    20 |     1 |     1 ||    22
       Bite              |     3 |     8 |    25 ||    36
       Flail             |       |    84 |    18 ||   102
       Lajatang          |       |       |   167 ||   167
       Punch             |       |       |     1 ||     1
       Halberd           |       |       |    12 ||    12
 Fire: Hunting sling     |       |    83 |    39 ||   122
       Shortbow          |       |       |    11 ||    11
Throw: Stone             |     7 |       |       ||     7
       Dart              |       |       |     5 ||     5
       Boomerang         |       |       |     1 ||     1
 Cast: Freeze            |    12 |     5 |     6 ||    23
       Frozen Ramparts   |     2 |    11 |    35 ||    48
       Magic Dart        |       |       |    33 ||    33
Evoke: Wand              |       |       |     1 ||     1
  Use: Potion            |       |     1 |     4 ||     5
       Scroll            |       |       |     8 ||     8
 Stab: Sleeping          |     7 |     2 |     2 ||    11
       Distracted        |       |       |     1 ||     1
Armor: Robe              |    10 |    31 |    43 ||    84
Dodge: Dodged            |    25 |   115 |   251 ||   391
